[Event "January 9 Early 2024"]
[Site "https://www.chess.com"]
[Date "2024.01.11"]
[Round "9"]
[White "Swicarz, Maciej"]
[Black "Kislinsky, Alexey"]
[Result "1-0"]
[Board "76"]
[TimeControl "180+1"]
[WhiteFideId "1113585"]
[BlackFideId "14108801"]
[WhiteElo "2508"]
[BlackElo "2715"]
[WhiteTeam "POL"]
[BlackTeam "CZE"]
[WhiteClock "0:00:30"]
[BlackClock "0:00:58"]

1. e4 c5 2. Nf3 Nc6 3. d4 cxd4 4. Nxd4 Nf6 5. Nc3 e5 6. Ndb5 d6 7. Bg5 a6 8. Na3 b5 9. Nd5 Be7 10. Bxf6 Bxf6 11. c4 b4 12. Nc2 a5 13. Be2 O-O 14. O-O Bg5 15. g3 Be6 16. Bg4 Rb8 17. b3 Qd7 18. Nde3 Bxe3 19. Nxe3 Nd4 20. Kg2 g6 21. Bxe6 fxe6 22. Nc2 Qc6 23. Nxd4 Qxe4+ 24. Nf3 Rf6 25. Re1 Qc6 26. Re3 Rbf8 27. Qe2 g5 28. h3 h5 29. g4 hxg4 30. hxg4 Rf4 31. Kg3 Qc5 32. Rh1 e4 33. Ne1 Qe5 34. Kg2 Rxf2+ 35. Qxf2 Rxf2+ 36. Kxf2 Qf4+ 37. Ke2 d5 38. cxd5 exd5 39. Reh3 Qxg4+ 40. Ke3 Qf4+ 41. Kd4 g4 42. Rh8+ Kg7 43. Kxd5 e3 44. Nd3 Qf3+ 45. Kd4 e2 46. R1h7+ Kg6 47. Ne5+ Kg5 48. Rg8+ Kf4 49. Rf7+ Kg3 50. Rxf3+ 1-0

[Event "January 9 Early 2024"]
[Site "https://www.chess.com"]
[Date "2024.01.11"]
[Round "9"]
[White "Nikulina, Alena"]
[Black "Essing, Arnold"]
[Result "0-1"]
[Board "77"]
[TimeControl "180+1"]
[WhiteFideId "4172051"]
[BlackFideId "4619862"]
[WhiteElo "2117"]
[BlackElo "2269"]
[WhiteTeam "RUS"]
[BlackTeam "GER"]
[WhiteClock "0:00:28"]
[BlackClock "0:00:45"]

1. e4 Nf6 2. e5 Nd5 3. d4 d6 4. Bc4 Nb6 5. Bb3 g6 6. Nf3 Bg7 7. exd6 cxd6 8. c3 O-O 9. O-O Bg4 10. h3 Bxf3 11. Qxf3 Nc6 12. Re1 e5 13. d5 Ne7 14. c4 Rc8 15. Qe2 h6 16. Be3 Kh7 17. Nd2 f5 18. Rac1 g5 19. Bc2 Ng6 20. b3 Nd7 21. f3 b6 22. Kh2 Nf4 23. Bxf4 gxf4 24. Rg1 Qh4 25. Qe1 Bf6 26. g3 fxg3+ 27. Qxg3 Qxg3+ 28. Rxg3 Bg5 29. Rd1 Bf4 30. Kg2 Bxg3 31. Kxg3 Kg6 32. h4 Kf6 33. h5 Rg8+ 34. Kh4 Rg2 35. Bb1 Rcg8 36. Nf1 Rg1 37. Kh3 Rh1+ 0-1

[Event "January 9 Early 2024"]
[Site "https://www.chess.com"]
[Date "2024.01.11"]
[Round "9"]
[White "Rangel, Daniel"]
[Black "Limontaite, Simona"]
[Result "1-0"]
[Board "78"]
[TimeControl "180+1"]
[WhiteFideId "2124475"]
[BlackFideId "12802506"]
[WhiteElo "2500"]
[BlackElo "2321"]
[WhiteTeam "BRA"]
[BlackTeam "LTU"]
[WhiteClock "0:00:42"]
[BlackClock "0:00:08"]

1. d4 Nf6 2. Nf3 b6 3. Bf4 Bb7 4. e3 g6 5. Be2 Bg7 6. O-O O-O 7. a4 d6 8. a5 c5 9. h3 Nbd7 10. c3 Re8 11. Nbd2 cxd4 12. exd4 Ne4 13. a6 Bc6 14. Nxe4 Bxe4 15. Bd3 Bc6 16. Re1 b5 17. Qe2 Qb6 18. h4 e5 19. dxe5 dxe5 20. Be3 Qb8 21. Ng5 Nf6 22. Bc5 e4 23. Bc2 h6 24. Nh3 Nh5 25. Bb3 Qc7 26. Rad1 Rad8 27. Qg4 Kh7 28. Be3 f5 29. Qe2 f4 30. Bd4 f3 31. Qe3 Be5 32. Bxe5 Qxe5 33. Qxa7+ Kh8 34. Qe3 Qf5 35. Qxh6# 1-0

[Event "January 9 Early 2024"]
[Site "https://www.chess.com"]
[Date "2024.01.11"]
[Round "9"]
[White "Zgadzaj, Rafal"]
[Black "Guevara Sanchez, Erick Marvin"]
[Result "1-0"]
[Board "79"]
[TimeControl "180+1"]
[WhiteFideId "1113712"]
[BlackFideId "6700136"]
[WhiteElo "2339"]
[BlackElo "2207"]
[WhiteTeam "POL"]
[BlackTeam "ESA"]
[WhiteClock "0:01:45"]
[BlackClock "0:00:05"]

1. e4 e6 2. b3 d5 3. exd5 exd5 4. Bb2 Nf6 5. Ne2 Bd6 6. g3 O-O 7. Bg2 Re8 8. O-O c5 9. d4 Nc6 10. dxc5 Bxc5 11. Nd4 Bg4 12. f3 Be6 13. Kh1 Qe7 14. Nxc6 bxc6 15. Nc3 Rad8 16. Qd2 Bb4 17. a3 Ba5 18. b4 Bb6 19. Rae1 a5 20. Na4 Bc7 21. Nc5 axb4 22. axb4 Rb8 23. Bd4 Rb5 24. c3 Ra8 25. Bh3 Re8 26. Bxe6 fxe6 27. Rxe6 Qf7 28. Rfe1 Rxe6 29. Nxe6 h5 30. Bxf6 gxf6 31. Nd4 Rb8 32. Nf5 Ra8 33. Re7 Qg6 34. Rg7+ Qxg7 35. Nxg7 Kxg7 36. Kg2 Ra1 37. Qe2 Bb6 38. Qe7+ Kg6 39. Kh3 Rf1 40. Qe8+ Kg7 41. Qxc6 Bg1 42. Qc7+ Kg6 43. Kg2 Rf2+ 44. Kxg1 Rc2 45. Qc5 d4 46. Qxd4 Rc1+ 47. Kf2 Rc2+ 48. Ke3 Rc1 49. Qd3+ Kg7 50. b5 Re1+ 51. Kf4 Re5 52. Qd7+ Kg6 53. g4 Rc5 54. Qf5+ Rxf5+ 55. gxf5+ Kf7 56. b6 Ke7 57. b7 1-0

[Event "January 9 Early 2024"]
[Site "https://www.chess.com"]
[Date "2024.01.11"]
[Round "9"]
[White "Szpar, Milosz"]
[Black "Kleiman, Jake"]
[Result "1-0"]
[Board "80"]
[TimeControl "180+1"]
[WhiteFideId "1184989"]
[BlackFideId "2020041"]
[WhiteElo "2845"]
[BlackElo "2650"]
[WhiteTeam "POL"]
[BlackTeam "USA"]
[WhiteClock "0:00:52"]
[BlackClock "0:00:22"]

1. e4 e5 2. Nf3 Nc6 3. Nc3 Nf6 4. Bb5 Bd6 5. d3 O-O 6. a3 Re8 7. Bc4 Bc5 8. Bg5 Be7 9. O-O d6 10. h3 h6 11. Bxf6 Bxf6 12. Nd5 Be6 13. b4 g6 14. c3 Bg7 15. Qb3 Kh8 16. Rfe1 Qd7 17. a4 f5 18. a5 Nd8 19. d4 fxe4 20. Rxe4 c6 21. dxe5 cxd5 22. Bxd5 Bxd5 23. Qxd5 Qc6 24. Qd3 dxe5 25. Rae1 Nf7 26. Nh4 Rad8 27. Qc2 Kh7 28. Rg4 Rd6 29. Re3 h5 30. Rgg3 Bh6 31. Re4 Ng5 32. Re1 e4 33. Kh1 Red8 34. Qb3 Qd5 35. c4 Qf7 36. Re2 Rd1+ 37. Kh2 R8d3 38. Qa4 Qf4 39. Qe8 Rd7 40. Qxg6+ Kh8 41. Qxh6+ 1-0

[Event "January 9 Early 2024"]
[Site "https://www.chess.com"]
[Date "2024.01.11"]
[Round "9"]
[White "Gopal, K.N."]
[Black "Topalov, Aleksandar"]
[Result "0-1"]
[Board "81"]
[TimeControl "180+1"]
[WhiteFideId "5001447"]
[BlackFideId "925659"]
[WhiteElo "2242"]
[BlackElo "2431"]
[WhiteTeam "IND"]
[BlackTeam "SRB"]
[WhiteClock "0:00:14"]
[BlackClock "0:00:52"]

1. e4 e6 2. d4 d5 3. e5 Ne7 4. c3 Qd7 5. Bd3 b6 6. Qe2 a5 7. Nf3 Ba6 8. O-O Bxd3 9. Qxd3 c5 10. a4 Nbc6 11. b3 Nf5 12. g4 Nfe7 13. Kg2 h5 14. h3 Ng6 15. Na3 Be7 16. Nb5 cxd4 17. cxd4 Nb4 18. Qd1 f6 19. gxh5 Rxh5 20. exf6 gxf6 21. Ne5 Rxe5 22. dxe5 Nxe5 23. Qh5+ Nf7 24. Bd2 Bd6 25. Rac1 Ke7 26. Bxb4 axb4 27. Rfe1 Rg8+ 28. Kf1 Rg5 29. Qf3 Bb8 30. Qe3 e5 31. Qxb6 Qxh3+ 32. Ke2 Bd6 33. Qb7+ Kf8 34. Qxd5 e4 35. Nxd6 Rxd5 36. Nxe4 Qd3# 0-1

[Event "January 9 Early 2024"]
[Site "https://www.chess.com"]
[Date "2024.01.11"]
[Round "9"]
[White "Kiselev, Pavel"]
[Black "Cori T., Deysi"]
[Result "0-1"]
[Board "82"]
[TimeControl "180+1"]
[WhiteFideId "4191102"]
[BlackFideId "3801934"]
[WhiteElo "2372"]
[BlackElo "2558"]
[WhiteTeam "RUS"]
[BlackTeam "PER"]
[WhiteClock "0:00:35"]
[BlackClock "0:00:42"]

1. Nf3 d5 2. d4 Nf6 3. c4 e6 4. g3 Be7 5. Bg2 O-O 6. Qc2 Nbd7 7. O-O a6 8. b3 dxc4 9. bxc4 c5 10. Bb2 cxd4 11. Nxd4 Qc7 12. Nd2 Ne5 13. Rac1 Bd7 14. Ne4 Rfc8 15. c5 Ng6 16. c6 bxc6 17. Nxc6 Bxc6 18. Bxf6 gxf6 19. Nd2 Bxg2 20. Qxc7 Rxc7 21. Rxc7 Bxf1 22. Kxf1 Bd8 23. Rb7 Ne5 24. Ne4 Kf8 25. Nd6 Be7 26. Ne4 f5 27. Nd2 Rc8 28. Nb3 Rc2 29. a4 Ra2 30. f4 Ng4 31. Rb8+ Kg7 32. Nd4 Rxa4 33. Nc6 Bf6 34. Ra8 Nxh2+ 35. Kg2 Ng4 36. Nb8 Ra2 37. Rxa6 Rxe2+ 38. Kg1 Bd4+ 39. Kf1 Rf2+ 40. Ke1 Nh2 41. Ra7 Nf3+ 42. Kd1 Bxa7 0-1

[Event "January 9 Early 2024"]
[Site "https://www.chess.com"]
[Date "2024.01.11"]
[Round "9"]
[White "Giri, Anish"]
[Black "Sturt, Raven"]
[Result "1/2-1/2"]
[Board "83"]
[TimeControl "180+1"]
[WhiteFideId "24116068"]
[BlackFideId "2007304"]
[WhiteElo "3004"]
[BlackElo "2788"]
[WhiteTeam "NED"]
[BlackTeam "USA"]
[WhiteClock "0:00:16"]
[BlackClock "0:00:49"]

1. Nf3 f5 2. g3 Nf6 3. Bg2 g6 4. O-O Bg7 5. d4 O-O 6. c4 d6 7. Nc3 Qe8 8. Re1 Qf7 9. e4 fxe4 10. Ng5 Qxc4 11. Bf1 Qb4 12. a3 Qa5 13. Qb3+ d5 14. Ngxe4 c6 15. Nxf6+ exf6 16. Bf4 Qb6 17. Qa2 Qd8 18. b4 Na6 19. Bxa6 bxa6 20. Na4 g5 21. Bd2 Bg4 22. Nc5 Re8 23. Qb3 Qc7 24. Qd3 a5 25. bxa5 Qf7 26. f3 Bh5 27. Rxe8+ Rxe8 28. Re1 Bg6 29. Rxe8+ Qxe8 30. Qe3 Bf8 31. Qxe8 Bxe8 32. Bb4 Bxc5 33. Bxc5 a6 34. Kf2 Kf7 35. Ke3 Ke6 36. Bb4 Bg6 37. Bc5 h6 38. Bf8 h5 39. Bc5 Bb1 40. Bb4 Kf5 41. Bc5 g4 42. f4 Be4 43. Bb4 Bc2 44. Bc5 Ba4 45. Bb4 Bb5 1/2-1/2

[Event "January 9 Early 2024"]
[Site "https://www.chess.com"]
[Date "2024.01.11"]
[Round "9"]
[White "Weetik, Vjacheslav"]
[Black "Popov, Konstantin"]
[Result "0-1"]
[Board "84"]
[TimeControl "180+1"]
[WhiteFideId "4153472"]
[BlackFideId "34137910"]
[WhiteElo "2754"]
[BlackElo "2911"]
[WhiteTeam "RUS"]
[BlackTeam "FID"]
[WhiteClock "0:00:01"]
[BlackClock "0:00:45"]

1. e4 c5 2. Nf3 d6 3. Bb5+ Nd7 4. d4 cxd4 5. Qxd4 a6 6. Be2 Ngf6 7. c4 e5 8. Qe3 Be7 9. Nc3 O-O 10. O-O b6 11. h3 Bb7 12. b3 Nc5 13. Nd2 Ne6 14. Bb2 Nd7 15. Nf3 Nf4 16. Rfd1 Qc7 17. Bf1 Nc5 18. g3 Ng6 19. Nd5 Bxd5 20. cxd5 f5 21. exf5 Rxf5 22. b4 Raf8 23. Bg2 Na4 24. Rac1 Qd8 25. Ba1 Qe8 26. h4 Qf7 27. Nd2 Nxh4 28. gxh4 Bxh4 29. Ne4 Qg6 30. Rf1 Rf3 31. Qe2 R3f4 32. Ng3 b5 33. Be4 Qg5 34. Kg2 Nb6 35. Kh3 Nc4 36. Rcd1 Rxf2 37. Rxf2 Qxg3# 0-1

[Event "January 9 Early 2024"]
[Site "https://www.chess.com"]
[Date "2024.01.11"]
[Round "9"]
[White "Gokerkan, Cem Kaan"]
[Black "Aadit Bhatia"]
[Result "1-0"]
[Board "85"]
[TimeControl "180+1"]
[WhiteFideId "6336760"]
[BlackFideId "25088955"]
[WhiteElo "2809"]
[BlackElo "2466"]
[WhiteTeam "TUR"]
[BlackTeam "IND"]
[WhiteClock "0:00:18"]
[BlackClock "0:00:14"]

1. e4 e5 2. Nf3 Nc6 3. Bc4 Nf6 4. d4 exd4 5. e5 Ne4 6. Qe2 Nc5 7. O-O Be7 8. Rd1 O-O 9. Nxd4 Nxd4 10. Rxd4 Ne6 11. Rd1 Kh8 12. Nc3 d6 13. Ne4 Ng5 14. exd6 cxd6 15. Bxg5 Bxg5 16. Nxd6 Qf6 17. h4 Bxh4 18. g3 Bg5 19. Ne4 Qg6 20. Rd6 Be6 21. Bxe6 fxe6 22. Rad1 Be7 23. Rd7 Rf7 24. Rxb7 Raf8 25. Rdd7 Bg5 26. Rxf7 Rxf7 27. Rb8+ 1-0

[Event "January 9 Early 2024"]
[Site "https://www.chess.com"]
[Date "2024.01.11"]
[Round "9"]
[White "Averchenko, Sergej"]
[Black "Soraas, Torben"]
[Result "0-1"]
[Board "86"]
[TimeControl "180+1"]
[WhiteFideId "4131533"]
[BlackFideId "1503529"]
[WhiteElo "1997"]
[BlackElo "2279"]
[WhiteTeam "RUS"]
[BlackTeam "NOR"]
[WhiteClock "0:00:10"]
[BlackClock "0:00:27"]

1. d4 Nf6 2. c4 c5 3. d5 b5 4. cxb5 a6 5. bxa6 g6 6. Nc3 Bg7 7. Nf3 O-O 8. h3 Qa5 9. Nd2 Bxa6 10. e4 Bxf1 11. Kxf1 e6 12. d6 Ne8 13. Nc4 Qa6 14. Qd3 Nxd6 15. Qxd6 Qxc4+ 16. Kg1 Ra6 17. Qg3 Nc6 18. Kh2 Rb8 19. Rd1 Rb7 20. Kg1 Nd4 21. Qg5 h6 22. Qd8+ Kh7 23. Bd2 Rxb2 24. Qxd7 Rxd2 25. Rxd2 Qxc3 26. Rad1 Qc4 27. Qxf7 Rxa2 28. Rxa2 Qxa2 29. Rc1 Ne2+ 0-1

[Event "January 9 Early 2024"]
[Site "https://www.chess.com"]
[Date "2024.01.11"]
[Round "9"]
[White "Ozates, Tuna"]
[Black "Rogov, Matfey"]
[Result "0-1"]
[Board "87"]
[TimeControl "180+1"]
[WhiteFideId "6354521"]
[BlackFideId "44191308"]
[WhiteElo "2661"]
[BlackElo "2560"]
[WhiteTeam "TUR"]
[BlackTeam "RUS"]
[WhiteClock "0:01:07"]
[BlackClock "0:00:08"]

1. e4 e5 2. Nc3 Nf6 3. d4 exd4 4. Qxd4 Nc6 5. Qd3 Be7 6. Bd2 Nb4 7. Qg3 Nxc2+ 8. Kd1 Nxa1 9. Bc4 O-O 10. Nf3 d5 11. exd5 b5 12. Bd3 b4 13. Ne4 Qxd5 14. Nfg5 h6 15. Nxf6+ Bxf6 16. Be4 Qd6 17. Nh7 Qxg3 18. Nxf6+ gxf6 19. hxg3 Bg4+ 20. f3 Rae8 21. Bxh6 Rxe4 22. Bxf8 Kxf8 23. Kd2 Rd4+ 24. Ke2 Nc2 25. fxg4 Rxg4 26. Rc1 Nd4+ 27. Kf2 f5 28. Rxc7 a5 29. Ra7 Nc6 30. Ra6 Rc4 31. b3 Rc2+ 32. Ke3 Ke7 33. Kd3 Rc3+ 34. Kd2 Kd6 35. Ra8 Rxg3 36. Rh8 Rxg2+ 37. Ke3 Rxa2 38. Rh6+ Kc5 39. Rh1 Rb2 40. Rc1+ Kb5 41. Kf4 Rxb3 42. Kxf5 a4 43. Ke4 a3 44. Kd5 Ne7+ 45. Kd6 Nf5+ 46. Kd5 Rc3 47. Re1 a2 0-1

[Event "January 9 Early 2024"]
[Site "https://www.chess.com"]
[Date "2024.01.11"]
[Round "9"]
[White "Kopczynski, Michal"]
[Black "Wu, Derek"]
[Result "0-1"]
[Board "88"]
[TimeControl "180+1"]
[WhiteFideId "1124200"]
[BlackFideId "30914558"]
[WhiteElo "2530"]
[BlackElo "2668"]
[WhiteTeam "POL"]
[BlackTeam "USA"]
[WhiteClock "0:00:06"]
[BlackClock "0:01:04"]

1. e4 c5 2. d4 cxd4 3. c3 Nf6 4. Bd3 dxc3 5. Nxc3 d6 6. f4 Nc6 7. Nf3 Bg4 8. O-O e6 9. Kh1 Be7 10. Qe1 Qa5 11. Be3 d5 12. e5 Nd7 13. Bd2 Qb6 14. Qg3 Bxf3 15. Rxf3 Nc5 16. Qxg7 O-O-O 17. Qxf7 Rdf8 18. Qg7 Qxb2 19. Rd1 Nxd3 20. Rxd3 Qc2 21. Be1 Rhg8 22. R3d2 Qxc3 23. Qxh7 Qc4 24. Bg3 Kb8 25. f5 Rxg3 26. hxg3 Rxf5 27. Qg8+ Nd8 28. g4 Rg5 29. Qh7 Qxg4 30. Qxe7 Qh4+ 31. Kg1 Rxg2+ 32. Rxg2 Qxe7 33. Rf1 Qc5+ 34. Kh2 Qc3 35. Rg5 Qd2+ 36. Rg2 Qh6+ 37. Kg1 Qe3+ 38. Kh1 Qxe5 39. Rg8 Kc7 40. Rff8 Qe4+ 41. Kh2 Nc6 42. Rc8+ Kb6 43. Rce8 d4 44. Kg3 Qe3+ 45. Kg4 Ne5+ 46. Kh5 Qh3+ 47. Kg5 Qf5+ 48. Kh6 Ng4+ 0-1

[Event "January 9 Early 2024"]
[Site "https://www.chess.com"]
[Date "2024.01.11"]
[Round "9"]
[White "Rozman, Levy"]
[Black "Begunov, Konstantin"]
[Result "1-0"]
[Board "89"]
[TimeControl "180+1"]
[WhiteFideId "2039877"]
[BlackFideId "4118510"]
[WhiteElo "2648"]
[BlackElo "2475"]
[WhiteTeam "USA"]
[BlackTeam "RUS"]
[WhiteClock "0:00:52"]
[BlackClock "0:00:03"]

1. d4 d5 2. Bg5 h6 3. Bh4 c6 4. Nc3 Bf5 5. f3 Qb6 6. Rb1 e6 7. e4 Bh7 8. Bf2 Nf6 9. Bd3 Nbd7 10. e5 Bxd3 11. Qxd3 Ng8 12. f4 c5 13. Nf3 Rc8 14. O-O g6 15. Kh1 a6 16. dxc5 Bxc5 17. Na4 Qc6 18. Nxc5 Nxc5 19. Qd1 Ne4 20. c3 Ne7 21. Nd4 Qc4 22. a3 Nc6 23. Nf3 Na5 24. Nd2 Nxd2 25. Qxd2 Nc6 26. b3 Qe4 27. Rbe1 Qf5 28. b4 Ne7 29. h3 O-O 30. g4 Qe4+ 31. Rxe4 dxe4 32. f5 g5 33. Bd4 Rfd8 34. h4 Nd5 35. fxe6 fxe6 36. Qe1 Nf4 37. Rxf4 gxf4 38. Qxe4 Rf8 39. Qg6+ Kh8 40. Qxh6+ Kg8 41. Qxe6+ Kh8 42. Qh6+ Kg8 43. e6 1-0

[Event "January 9 Early 2024"]
[Site "https://www.chess.com"]
[Date "2024.01.11"]
[Round "9"]
[White "Ezat, Mohamed"]
[Black "Mrudul Dehankar"]
[Result "1-0"]
[Board "90"]
[TimeControl "180+1"]
[WhiteFideId "10600906"]
[BlackFideId "25096990"]
[WhiteElo "2467"]
[BlackElo "2387"]
[WhiteTeam "EGY"]
[BlackTeam "IND"]
[WhiteClock "0:00:30"]
[BlackClock "0:00:04"]

1. e4 c6 2. d4 d5 3. e5 Bf5 4. Nc3 e6 5. g4 Bg6 6. Nge2 Nd7 7. h4 h5 8. Nf4 Bh7 9. Nxh5 c5 10. Bb5 Ne7 11. Bg5 a6 12. Bxd7+ Qxd7 13. Bf6 Rg8 14. Bg5 Nc6 15. Be3 Qc7 16. f4 cxd4 17. Bxd4 Bxc2 18. Qxc2 Nxd4 19. Qh7 O-O-O 20. Qxg8 Bb4 21. Qh7 Bxc3+ 22. Kf2 Bxb2 23. Rab1 Qc3 24. Kg2 Qf3+ 25. Kh2 Qf2+ 26. Kh3 Qe3+ 27. Ng3 Ne2 28. Qc2+ 1-0

[Event "January 9 Early 2024"]
[Site "https://www.chess.com"]
[Date "2024.01.11"]
[Round "9"]
[White "Duda, Jan-Krzysztof"]
[Black "Iturrizaga Bonelli, Eduardo"]
[Result "1/2-1/2"]
[Board "91"]
[TimeControl "180+1"]
[WhiteFideId "1170546"]
[BlackFideId "3901211"]
[WhiteElo "3075"]
[BlackElo "3027"]
[WhiteTeam "POL"]
[BlackTeam "ESP"]
[WhiteClock "0:00:05"]
[BlackClock "0:00:27"]

1. e4 c5 2. Nf3 e6 3. d4 cxd4 4. Nxd4 a6 5. c4 Nf6 6. Nc3 Bb4 7. Qd3 d6 8. Nc2 Bxc3+ 9. Qxc3 O-O 10. f3 d5 11. e5 Nfd7 12. Bf4 dxc4 13. Bxc4 b5 14. Be2 Bb7 15. O-O Nb6 16. Ne3 N8d7 17. Qd4 Nd5 18. Nxd5 Bxd5 19. a4 bxa4 20. Rxa4 a5 21. Rc1 Qb8 22. Rca1 Qc7 23. Qc3 Qb8 24. Rxa5 Rxa5 25. Rxa5 Rc8 26. Qd2 h6 27. b4 Nxe5 28. b5 f6 29. Qe3 Bc4 30. Bxe5 fxe5 31. Bxc4 Rxc4 32. b6 Rb4 33. Rxe5 Rxb6 34. Rxe6 1/2-1/2

[Event "January 9 Early 2024"]
[Site "https://www.chess.com"]
[Date "2024.01.11"]
[Round "9"]
[White "Cardozo Munar, Carlos Eduardo"]
[Black "Mayaud, Raphael"]
[Result "0-1"]
[Board "92"]
[TimeControl "180+1"]
[WhiteFideId "4409477"]
[BlackFideId "627151"]
[WhiteElo "2214"]
[BlackElo "2301"]
[WhiteTeam "COL"]
[BlackTeam "FRA"]
[WhiteClock "0:00:02"]
[BlackClock "0:00:42"]

1. g3 d5 2. Bg2 c6 3. Nf3 Nf6 4. O-O Bf5 5. d3 e6 6. Nbd2 Be7 7. Re1 O-O 8. c3 h6 9. e4 Bh7 10. e5 Nfd7 11. d4 c5 12. Nf1 Nc6 13. h4 Qb6 14. a3 cxd4 15. cxd4 Rac8 16. N1h2 Na5 17. Ng4 Bc2 18. Qe2 Nb3 19. Be3 Nxa1 20. Rxa1 Qxb2 21. Rc1 Bxa3 22. Nxh6+ gxh6 23. Bxh6 Bg6 24. Qe3 Rxc1+ 25. Kh2 Rc2 26. h5 Rxf2 27. Nh4 Rxg2+ 28. Nxg2 Qc2 29. g4 Rc8 30. hxg6 Qxg6 31. Kg3 Bc1 32. Qf3 Bxh6 33. Nh4 Qe4 34. Qa3 Bf8 35. Qxa7 Rc3+ 36. Kf2 Qc2+ 37. Ke1 Qc1+ 38. Ke2 Qb2+ 39. Kd1 Rc1# 0-1

[Event "January 9 Early 2024"]
[Site "https://www.chess.com"]
[Date "2024.01.11"]
[Round "9"]
[White "Mekhitarian, Krikor Sevag"]
[Black "Mrithyunjay Mahadevan"]
[Result "0-1"]
[Board "93"]
[TimeControl "180+1"]
[WhiteFideId "2107660"]
[BlackFideId "45003521"]
[WhiteElo "2713"]
[BlackElo "2475"]
[WhiteTeam "BRA"]
[BlackTeam "IND"]
[WhiteClock "0:00:02"]
[BlackClock "0:00:32"]

1. Nf3 g6 2. c4 Bg7 3. e4 e5 4. d4 exd4 5. Nxd4 Nc6 6. Be3 Nge7 7. Nc3 O-O 8. Be2 a6 9. O-O d6 10. Qd2 Be6 11. Rad1 Nxd4 12. Bxd4 Nc6 13. Bxg7 Kxg7 14. f4 f5 15. b3 h6 16. Bf3 fxe4 17. Nxe4 Qe7 18. Rfe1 Qf7 19. g3 Rae8 20. Bg2 Kh7 21. Re3 Bf5 22. Rde1 Bxe4 23. Bxe4 Nd8 24. Qd3 Re6 25. h4 h5 26. f5 gxf5 27. Rf3 Qg6 28. Rxf5 Rxe4 29. Rxe4 Rxf5 30. Qe2 Qxg3+ 31. Qg2 Qxg2+ 32. Kxg2 Re5 0-1

[Event "January 9 Early 2024"]
[Site "https://www.chess.com"]
[Date "2024.01.11"]
[Round "9"]
[White "Tasev, Dejan"]
[Black "Szyszylo, Rafal"]
[Result "1-0"]
[Board "94"]
[TimeControl "180+1"]
[WhiteFideId "936618"]
[BlackFideId "1109626"]
[WhiteElo "2639"]
[BlackElo "2389"]
[WhiteTeam "SRB"]
[BlackTeam "POL"]
[WhiteClock "0:00:40"]
[BlackClock "0:00:01"]

1. e4 d6 2. d4 Nf6 3. Nc3 g6 4. f3 c6 5. Be3 Nbd7 6. Qd2 b5 7. a3 Nb6 8. h4 h5 9. Nh3 Bxh3 10. Rxh3 Bg7 11. d5 Nc4 12. Bxc4 bxc4 13. dxc6 Qc7 14. Bd4 e5 15. Be3 Qxc6 16. O-O-O Rd8 17. Nd5 Nxd5 18. Qxd5 Qc7 19. Qb5+ Rd7 20. Rd5 Ke7 21. Rh1 c3 22. b3 Rb8 23. Qa4 Ke6 24. Rhd1 Bf8 25. g3 Rb7 26. f4 f6 27. f5+ gxf5 28. exf5+ Kf7 29. g4 hxg4 30. Qxg4 Ke8 31. Qg6+ Rf7 32. h5 Kd8 33. h6 Kc8 34. Qg8 Qd8 35. Kb1 Rbd7 36. Qg1 Be7 37. Qf1 Kb8 38. Qa6 Rb7 39. Rb5 Qd7 40. Rdd5 1-0

[Event "January 9 Early 2024"]
[Site "https://www.chess.com"]
[Date "2024.01.11"]
[Round "9"]
[White "Boyer, Mahel"]
[Black "Bacrot, Etienne"]
[Result "0-1"]
[Board "95"]
[TimeControl "180+1"]
[WhiteFideId "45102422"]
[BlackFideId "605506"]
[WhiteElo "2662"]
[BlackElo "2848"]
[WhiteTeam "FRA"]
[BlackTeam "FRA"]
[WhiteClock "0:00:02"]
[BlackClock "0:00:11"]

1. e4 e6 2. c4 d5 3. cxd5 exd5 4. exd5 Nf6 5. Nf3 Nxd5 6. Nc3 Be7 7. d4 O-O 8. Bd3 Nxc3 9. bxc3 h6 10. O-O Nd7 11. Rb1 Nf6 12. Ne5 Bd6 13. Qf3 Be6 14. c4 Rb8 15. Re1 Nd7 16. Nxd7 Bxd7 17. Rxb7 Rxb7 18. Qxb7 Qh4 19. h3 Qxd4 20. Rd1 Qe5 21. g3 Bxh3 22. Bf4 Qf6 23. Bxd6 cxd6 24. Be4 Re8 25. Qxa7 Bg4 26. Rd4 Bf3 27. Qd7 Rb8 28. Bxf3 Qxd4 29. Bd5 Qf6 0-1

[Event "January 9 Early 2024"]
[Site "https://www.chess.com"]
[Date "2024.01.11"]
[Round "9"]
[White "Bueno, Alfeu Junior Varela"]
[Black "Bodnaruk, Anastasia"]
[Result "0-1"]
[Board "96"]
[TimeControl "180+1"]
[WhiteFideId "2108879"]
[BlackFideId "4181751"]
[WhiteElo "2412"]
[BlackElo "2557"]
[WhiteTeam "BRA"]
[BlackTeam "RUS"]
[WhiteClock "0:00:02"]
[BlackClock "0:00:05"]

1. e4 c5 2. Nc3 d6 3. f4 g6 4. Nf3 Bg7 5. Bb5+ Bd7 6. O-O Bxb5 7. Nxb5 Nc6 8. d3 Nf6 9. Nc3 O-O 10. Qe1 Nd4 11. Qh4 Nxc2 12. Rb1 h5 13. f5 Nd4 14. Qg3 Qe8 15. Nh4 Kh7 16. Qg5 e6 17. Bd2 Ng4 18. Nf3 Qd8 19. h3 Nxf3+ 20. Rxf3 Qxg5 21. Bxg5 Ne5 22. Re3 Bh6 23. Bxh6 Kxh6 24. Rf1 a6 25. Ne2 Rae8 0-1

[Event "January 9 Early 2024"]
[Site "https://www.chess.com"]
[Date "2024.01.11"]
[Round "9"]
[White "Baules Rodriguez, Jorge Luis"]
[Black "Tejedor Fuente, Enrique"]
[Result "0-1"]
[Board "97"]
[TimeControl "180+1"]
[WhiteFideId "6600247"]
[BlackFideId "2299100"]
[WhiteElo "2571"]
[BlackElo "2730"]
[WhiteTeam "PAN"]
[BlackTeam "ESP"]
[WhiteClock "0:00:02"]
[BlackClock "0:01:36"]

1. e4 b6 2. d4 Bb7 3. Bd3 e6 4. Nc3 f5 5. exf5 exf5 6. Bxf5 Qe7+ 7. Kf1 Nf6 8. Bg5 Na6 9. Qe2 O-O-O 10. Qxe7 Bxe7 11. Nge2 g6 12. Bxf6 Bxf6 13. Be4 Rde8 14. Bxb7+ Kxb7 15. a3 c6 16. Rd1 Nc7 17. g3 a5 18. Kg2 b5 19. Rhe1 Ref8 20. Ne4 Be7 21. N2c3 d5 22. Nd2 Bd6 23. Nf3 Rf7 24. Ng5 Rf6 25. f4 h6 26. Nf3 Rhf8 27. h4 Bxf4 28. gxf4 Rxf4 29. Rd3 g5 30. hxg5 hxg5 31. Ne2 Rg4+ 32. Ng3 Rgf4 33. Rf1 Ne6 34. Re3 R4f6 35. c3 b4 36. Ne5 Nf4+ 37. Kg1 Kc7 38. axb4 Nh3+ 39. Kh2 Rxf1 40. Nxf1 Nf2 41. bxa5 Ne4 42. Ng3 Nd2 43. b4 g4 44. Nxg4 Rh8+ 45. Kg2 Nc4 46. Re7+ Kb8 47. Rg7 Rf8 48. Ne5 Ne3+ 49. Kh3 Rh8+ 50. Nh5 Rxh5+ 51. Kg3 Nf5+ 52. Kg4 Nxg7 53. Nxc6+ Kb7 54. b5 Rh8 55. Nb4 Ne8 56. Nxd5 Nd6 57. b6 Rf8 58. Ne3 Rc8 59. Nf5 Nxf5 60. Kxf5 Rxc3 61. Ke6 Ra3 62. d5 Rxa5 63. d6 Kxb6 64. Kd7 Rd5 65. Ke7 Kc6 0-1

[Event "January 9 Early 2024"]
[Site "https://www.chess.com"]
[Date "2024.01.11"]
[Round "9"]
[White "Stojanovski, Sandi"]
[Black "Krzywda, Andrzej"]
[Result "1-0"]
[Board "98"]
[TimeControl "180+1"]
[WhiteFideId "1403249"]
[BlackFideId "1114565"]
[WhiteElo "2555"]
[BlackElo "2395"]
[WhiteTeam "DEN"]
[BlackTeam "POL"]
[WhiteClock "0:00:18"]
[BlackClock "0:00:18"]

1. d3 d5 2. Nf3 Nf6 3. g3 g6 4. Bg2 Bg7 5. O-O O-O 6. c4 d4 7. b4 a5 8. b5 Nfd7 9. a4 Nc5 10. Ba3 Nbd7 11. Ra2 e5 12. Re1 Re8 13. Nfd2 Bf8 14. e3 Nxd3 15. Bxf8 Nxe1 16. Qxe1 Nxf8 17. Ne4 Bf5 18. Nbd2 d3 19. h4 Qe7 20. h5 Rad8 21. h6 Bxe4 22. Nxe4 f5 23. Nc3 e4 24. Nd5 Rxd5 25. cxd5 b6 26. Qc3 Rd8 27. f3 Rxd5 28. fxe4 fxe4 29. Bxe4 Re5 30. Bxd3 Rxe3 31. Bc4+ Re6 32. Re2 Kf7 33. Qg7+ Ke8 34. Bxe6 Nxe6 35. Qh8+ Kd7 36. Rd2+ Nd4 37. Rxd4+ Ke6 38. Re4+ 1-0